 Dungeon Crawl Stone Soup version 0.28.0-53-g5a82cb258f (webtiles) character file.

Game seed: 221839791301073989

311 DocClef the Spear-Bearer (level 6, -4/44 HPs)
             Began as a Merfolk Gladiator on June 30, 2022.
             Slain by an ogre
             ... wielding a +0 giant spiked club
              (30 damage)
             ... on level 5 of the Dungeon.
             The game lasted 00:02:11 (2993 turns).

DocClef the Spear-Bearer (Merfolk Gladiator)        Turns: 2993, Time: 00:02:12

Health: -4/44      AC:  8    Str: 17    XL:     6   Next: 42%
Magic:  6/6        EV: 13    Int:  7    God:
Gold:   87         SH:  0    Dex: 15    Spells: 5/5 levels left

rFire   . . .      SeeInvis .   a - +0 trident
rCold   . . .      Faith    .   (no shield)
rNeg    . . .      Spirit   .   b - +0 leather armour
rPois   .          Reflect  .   c - +0 helmet
rElec   .          Harm     .   (no cloak)
rCorr   .          Rampage  .   (no gloves)
Will    .....                   (no boots)
Stlth   +.........              (no amulet)
HPRegen 0.14/turn               e - +4 ring of protection
MPRegen 0.10/turn               (no ring)

@: no status effects
A: (nimble swimmer 2), mertail
a: no special abilities


You were on level 5 of the Dungeon.
You visited 1 branch of the dungeon, and saw 5 of its levels.

You collected 87 gold pieces.

Inventory:

Hand Weapons
 a - a +0 trident (weapon)
Missiles
 d - 3 throwing nets (quivered)
Armour
 b - a +0 leather armour (worn)
 c - a +0 helmet (worn)
Jewellery
 e - a +4 ring of protection (left hand)
 m - a ring of willpower
Scrolls
 j - a scroll of vulnerability {unknown}
 k - a scroll of amnesia {unknown}
 l - 2 scrolls of teleportation {unknown}
 n - a scroll of immolation {unknown}
 p - a scroll of identify {unknown}
Potions
 f - a potion of cancellation {unknown}
 g - a potion of mutation {unknown}
 h - a potion of attraction {unknown}
 i - a potion of flight {unknown}
 o - a potion of invisibility {unknown}
 q - a potion of heal wounds {unknown}
 r - a potion of magic {unknown}
 s - a potion of degeneration {unknown}


   Skills:
 - Level 2.1 Fighting
 + Level 10.1 Polearms
 - Level 2.0 Throwing
 - Level 4.0 Dodging


You had 5 spell levels left.
You didn't know any spells.
Your spell library contained the following spells:

 Spells                   Type           Power      Damage    Failure   Level
 Confusing Touch          Hex            0%         N/A       86%         3
 Inner Flame              Hex/Fire       0%         N/A       86%         3
 Cause Fear               Hex            0%         N/A       99%         4
 Yara's Violent Unravell  Hex/Tmut       0%         3d3       100%        5
 Enfeeble                 Hex            0%         N/A       100%        7
 Discord                  Hex            0%         N/A       100%        8


Dungeon Overview and Level Annotations

Branches:
Dungeon (5/15)
 Temple: D:4-7

Altars:

Shops:
D:2 [


Innate Abilities, Weirdness & Mutations

((You are very nimble when in or above water. (Stealth+, EV+, Speed+++)))
Your lower body shifts to a powerful aquatic tail in water.


Message History

You closely miss the quokka. The quokka barely misses you.
You barely miss the quokka. The quokka barely misses you.
You barely miss the quokka. You puncture the quokka!
You kill the quokka!
You puncture the jelly!
Your hands burn!
The jelly is heavily wounded.
The jelly hits you but does no damage.
You puncture the jelly!
You kill the jelly!
Your Polearms skill increases to level 10!
No target in view!
No target in view!
No target in view!
HP restored.
You now have 87 gold pieces (gained 11).
Found 26 stones.
An ogre comes into view. It is wielding a +0 giant spiked club.
The ogre shouts!
An ogre is nearby!
An ogre is nearby!
An ogre is nearby!
Found a smoky orange potion.
You hit the ogre but do no damage. You barely miss the ogre.
The ogre closely misses you.
You hit the ogre.
The ogre is lightly wounded.
The ogre hits you with a +0 giant spiked club!!
You puncture the ogre!
The ogre is moderately wounded.
You hit the ogre.
The ogre is heavily wounded.
The ogre barely misses you.
You hit the ogre. Your punch misses the ogre.
The ogre is severely wounded.
You hit the ogre.
The ogre is severely wounded.
The ogre hits you with a +0 giant spiked club!!
Ouch! That really hurt!
You die...

#.## ...........
#..###.>........
##...##..........
#...............#
##.###.....†.#########
#..# ###..............
##.## ###............
#..# ###..........
##.## ###@O...... #..#
#......... #.##
.!......... ..#
............. .##
##.........(.. .#
##........... ##
##.......... .##
##......#.. ..#


You could see an ogre.

Vanquished Creatures
  Eustachio (D:4)
  A jelly (D:5)
  An iguana (D:4)
  4 gnolls (D:3)
  2 adders
  A worm (D:2)
  2 dart slugs
  An orc (D:3)
  5 ball pythons
  8 endoplasms
  5 giant cockroaches
  4 goblins
  3 hobgoblins
  3 jackals (D:2)
  3 quokkas
  3 bats
  4 frilled lizards
  5 kobolds
  A rat (D:2)
57 creatures vanquished.

Vanquished Creatures (others)
  4 toadstools (D:1)
4 creatures vanquished.

Grand Total: 61 creatures vanquished

Notes
Turn   | Place    | Note
-------+----------+-------------------------------------------
     0 | D:1      | DocClef the Merfolk Gladiator began the quest for the Orb.
     0 | D:1      | Reached XP level 1. HP: 16/16 MP: 1/1
   261 | D:1      | Reached skill level 5 in Polearms
   262 | D:1      | Reached XP level 2. HP: 22/22 MP: 2/2
  1117 | D:2      | Reached skill level 6 in Polearms
  1117 | D:2      | Reached XP level 3. HP: 27/27 MP: 3/3
  1410 | D:2      | Found a faded altar of an unknown god.
  1528 | D:2      | Found Dodupt's Antique Armour Shop.
  1791 | D:3      | Reached XP level 4. HP: 33/33 MP: 4/4
  1801 | D:3      | Reached skill level 7 in Polearms
  2122 | D:3      | Reached skill level 8 in Polearms
  2122 | D:3      | Reached XP level 5. HP: 34/38 MP: 5/5
  2723 | D:4      | Noticed Eustachio
  2732 | D:4      | Killed Eustachio
  2733 | D:4      | Reached skill level 9 in Polearms
  2733 | D:4      | Reached XP level 6. HP: 44/44 MP: 6/6
  2903 | D:5      | Entered Level 5 of the Dungeon
  2959 | D:5      | Reached skill level 10 in Polearms
  2993 | D:5      | Slain by an ogre

Illustrated notes

Levels and vault maps discovered:
D:1:      ldierk_water_garden, layout_loops_cross, serial_co_window_serial,
          co_window_of_opportunity_a, co_window_corner_a,
          co_window_of_opportunity_a, co_window_paths_a, co_window_paths_b,
          co_window_of_opportunity_a, co_window_of_opportunity_a,
          co_window_corner_ca, co_window_2corner, co_window_unsneaky_path_d,
          co_window_4corner_a, glass_columns_b, glass_columns_b,
          glass_columns_a, glass_columns_b, glass_columns_b
D:2:      layout_loops_cross, hellmonk_ecumenical_altar_dog_temple,
          serial_shops, nicolae_diamond_shop, chequers_serial_rivers_micro_d
D:3:      layout_basic
D:4:      layout_loops_cross, minmay_misc_feat_diagonals, uniq_eustachio
D:5:      layout_cave_pods, dk_vineyard_1, uniq_menkaure

Skill      XL: |  1  2  3  4  5  6 |
---------------+-------------------+-----
Polearms       | 5 6 8 9 10 | 10.1
Fighting       | |  2.1
Throwing       | |  2.0
Dodging        | |  4.0

Action                   |  1- 3 |  4- 6 || total
-------------------------+-------+-------++-------
Melee: Trident           |    99 |    75 ||   174
 Stab: Sleeping          |     5 |       ||     5
       Distracted        |       |     1 ||     1
Armor: Leather armour    |    21 |    13 ||    34
Dodge: Dodged            |    48 |    26 ||    74
